AoeStats
← tostostos

Arena

509208225Analyzed
3v3 RM · 6d ago on Sep 25, 2026· 52m 56s· 6 players
Game mode
Random Map
Map size
Normal (6 player)
Population
200
Speed
Normal
Resources
Standard
Victory
Conquest
Starting age
Dark Age
Ending age
Imperial Age
RankedLock teamsTeams togetherTeam positionsShared explorationLock speedFull tech treeHidden civsTurbo modeCheats
Victory
Defeat
🇹🇷 Japanese · Türkiye
1219
+14
🇹🇷 Hindustanis · Türkiye
1143
+17
🇹🇷 Malians · Türkiye
1070
+19
🇨🇴 Turks · Colombia
1249
-20
🇨🇴 Varangians · Colombia
1164
-17
🇨🇴 Italians · Colombia
1064
-13
D.M.G.
11:36 Feudal Age
15:48 Castle Age
14:33 Horse Collar
14:40 Double-Bit Axe
17:22 Wheelbarrow
18:10 Bow Saw
18:57 Heavy Plow
23:22 Fletching
23:34 Padded Archer Armor
23:30 Gold Mining
25:36 Forging
25:31 Scale Barding Armor
28:21 Imperial Age
27:43 Bloodlines
26:55 Light Cavalry
28:44 Iron Casting
28:30 Chain Barding Armor
28:50 Husbandry
30:31 Blast Furnace
29:53 Conscription
31:36 Hussar
33:02 Heavy Camel Rider
34:36 Grand Trunk Road
34:37 Shatagni
35:13 Plate Barding Armor
34:34 Bodkin Arrow
34:55 Leather Archer Armor
34:33 Imperial Camel Rider
37:15 Two-Man Saw
36:52 Gold Shaft Mining
40:31 Chemistry
40:27 Ballistics
44:52 Bracer
45:22 Ring Archer Armor
HT
10:46 Feudal Age
14:25 Castle Age
14:28 Double-Bit Axe
15:04 Horse Collar
18:37 Scale Mail Armor
19:40 Bow Saw
22:43 Forging
23:30 Gold Mining
24:43 Squires
24:33 Loom
25:00 Arson
27:39 Chain Mail Armor
26:54 Elite Skirmisher
27:46 Fletching
28:26 Bodkin Arrow
29:37 Chain Mail Armor
30:45 Wheelbarrow
30:54 Padded Archer Armor
37:11 Imperial Age
37:04 Pikeman
37:23 Elite Samurai
38:51 Capped Ram
40:02 Gambesons
40:49 Bracer
41:40 Ballistics
41:51 Hand Cart
43:30 Chemistry
45:27 Leather Archer Armor
46:08 Halberdier
47:33 Plate Mail Armor
47:13 Town Watch
48:06 Ring Archer Armor
48:15 Conscription
49:32 Two-Man Saw
49:16 Kataparuto
49:39 Thumb Ring
51:11 Siege Engineers
52:20 Iron Casting
52:45 Town Patrol
53:28 Parthian Tactics
tostostos
6:08 Loom
11:17 Feudal Age
11:43 Feudal Age
13:49 Double-Bit Axe
17:10 Castle Age
16:02 Horse Collar
16:33 Gold Mining
17:47 Wheelbarrow
18:05 Bow Saw
25:04 Heavy Plow
25:49 Hand Cart
26:20 Fletching
26:31 Padded Archer Armor
26:17 Elite Skirmisher
36:35 Imperial Age
34:08 Husbandry
34:44 Stone Mining
35:30 Gold Shaft Mining
34:57 Padded Archer Armor
35:04 Scale Barding Armor
35:10 Forging
36:02 Ballistics
35:22 Light Cavalry
36:13 Bloodlines
36:06 Scale Mail Armor
38:49 Chemistry
39:27 Conscription
41:45 Leather Archer Armor
42:19 Bodkin Arrow
44:02 Tigui
45:43 Ring Archer Armor
46:07 Cavalier
47:20 Masonry
49:17 Farimba
49:13 Heavy Camel Rider
50:10 Chain Mail Armor
52:13 Crop Rotation
52:05 Chain Barding Armor
52:16 Plate Mail Armor
53:22 Iron Casting
53:17 Plate Mail Armor
53:58 Plate Mail Armor
chomisplate
10:31 Feudal Age
14:06 Castle Age
12:02 Double-Bit Axe
15:43 Fletching
17:18 Bloodlines
19:28 Horse Collar
23:49 Husbandry
24:05 Vendel Legacy
24:34 Loom
28:07 Wheelbarrow
29:10 Heavy Plow
34:35 Imperial Age
32:19 Forging
32:30 Gold Mining
32:30 Stone Mining
32:50 Scale Barding Armor
34:15 Chain Barding Armor
34:52 Iron Casting
35:30 Cavalier
35:52 Light Cavalry
37:28 Crop Rotation
38:16 Blast Furnace
39:01 Conscription
40:08 Plate Barding Armor
40:45 Hand Cart
40:44 Bow Saw
40:35 Bodkin Arrow
40:40 Padded Archer Armor
41:04 Ballistics
43:21 Hussar
51:51 Two-Man Saw
51:57 Chemistry
50:20 Elite Jarl
zFox1982
12:20 Feudal Age
14:10 Double-Bit Axe
16:40 Castle Age
14:30 Horse Collar
15:10 Gold Mining
21:04 Imperial Age
19:15 Bow Saw
20:09 Heavy Plow
22:45 Chemistry
25:50 Padded Archer Armor
28:00 Leather Archer Armor
31:04 Loom
35:24 Wheelbarrow
36:07 Ballistics
38:34 Hand Cart
40:01 Conscription
41:35 Town Watch
42:05 Fletching
42:15 Murder Holes
42:41 Bombard Tower
42:02 Treadmill Crane
42:32 Masonry
44:49 Husbandry
44:59 Bloodlines
45:35 Light Cavalry
47:20 Two-Man Saw
cubdie
10:09 Feudal Age
10:57 Loom
14:07 Castle Age
12:32 Double-Bit Axe
27:56 Imperial Age
26:47 Padded Archer Armor
27:02 Bow Saw
27:59 Leather Archer Armor
29:15 Ring Archer Armor
Connection lost

Rejoining the realm…

Still unreachable

The connection could not be restored.

Session expired

The server has moved on; the page needs a fresh start.